 Dungeon Crawl Stone Soup version 0.29.1-15-g9cfb28693d (webtiles) character file.

Game seed: 15005344075373760636

162 raph the Chiller (level 5, 0/38 HPs)
             Began as a Draconian Ice Elementalist on Apr 23, 2023.
             Slain by an orc warrior
             ... wielding a +0 glaive
              (13 damage)
             ... on level 3 of the Dungeon.
             The game lasted 00:04:01 (3729 turns).

raph the Chiller (Draconian Ice Elementalist)       Turns: 3729, Time: 00:04:01

Health: 0/38       AC: 12    Str: 10    XL:     5   Next: 19%
Magic:  1/8        EV: 12    Int: 18    God:
Gold:   127        SH:  0    Dex: 11    Spells: 1/8 levels left

rFire   . . .      SeeInvis .   b - +0 dagger
rCold   . . .      Faith    .   (no shield)
rNeg    . . .      Spirit   .   (body armour unavailable)
rPois   .          Reflect  .   (helmet restricted)
rElec   .          Harm     .   (no cloak)
rCorr   .          Rampage  .   (no gloves)
Will    .....                   (no boots)
Stlth   ++........              (no amulet)
HPRegen 0.12/turn               (no ring)
MPRegen 0.11/turn               (no ring)

@: ice-armoured, freezing walls
A: AC +5, unfitting armour, cold-blooded
a: no special abilities


You were on level 3 of the Dungeon.
You visited 1 branch of the dungeon, and saw 3 of its levels.

You collected 127 gold pieces.

Inventory:

Hand Weapons
 b - a +0 dagger (weapon)
Missiles
 j - 6 boomerangs
Scrolls
 f - a scroll of identify {unknown}
 m - 2 scrolls of teleportation {unknown}
 n - a scroll of magic mapping {unknown}
 o - a scroll of brand weapon {unknown}
Potions
 a - 3 potions of magic
 c - 4 potions of curing {unknown}
 d - a potion of heal wounds {unknown}
 e - 2 potions of flight {unknown}
 g - a potion of brilliance {unknown}
 h - 2 potions of might {unknown}
 i - 3 potions of attraction {unknown}
 k - a potion of berserk rage {unknown}
 l - a potion of haste {unknown}


   Skills:
 - Level 1.7 Dodging
 - Level 1.7 Stealth
 - Level 2.0 Spellcasting
 + Level 6.5 Ice Magic


You had one spell level left.
You knew the following spells:

 Your Spells              Type           Power      Damage    Failure   Level
a - Freeze                Ice            100%       1d11      1%          1
b - Frozen Ramparts       Ice            50%        1d8       3%          3
c - Ozocubu's Armour      Ice            25%        N/A       3%          3

Your spell library contained the following spells:

 Spells                   Type           Power      Damage    Failure   Level
 Slow                     Hex            4%         N/A       19%         1
 Ensorcelled Hibernation  Hex/Ice        26%        N/A       7%          2
 Passwall                 Tmut/Erth      0%         N/A       26%         2
 Hailstorm                Conj/Ice       13%        3d5       43%         4
 Confusing Touch          Hex            1%         N/A       47%         3
 Swiftness                Air            1%         N/A       47%         3
 Vampiric Draining        Necr           1%         2d6       47%         3


Dungeon Overview and Level Annotations

Branches:
Dungeon (3/15)

Altars:
Cheibriados


Innate Abilities, Weirdness & Mutations

Your plain brown scales are hard. (AC +5)
You cannot fit into any form of body armour.
You are cold-blooded and may be slowed by cold attacks.


Message History

An orc warrior comes into view. It is wielding a +0 glaive.
The orc warrior shouts!
Natasha hisses angrily.
The rat bites you.
Casting: Ozocubu's Armour (dangerous; 3% risk of failure)
Confirm with . or Enter, or press ? or * to list all spells.
Casting: Frozen Ramparts (dangerous; 3% risk of failure)
Press: ? - help, Dir - look around, f - activate The walls around you are covered in ice.
The orc warrior hits you from afar with a +0 glaive!!
Ouch! That really hurt!
The wall freezes the rat.
The rat bites you but does no damage.
Casting: Frozen Ramparts (dangerous; 3% risk of failure)
Confirm with . or Enter, or press ? or * to list all spells.
A film of ice covers your body!
The wall freezes the rat but does no damage.
The rat misses you. The orc warrior barely misses you.
Okay, then.
Okay, then.
The wall freezes Natasha.
Natasha casts a spell.
The wall freezes the rat.
You kill the rat!
The orc warrior closely misses you.
The wall freezes Natasha.
The orc warrior hits you from afar with a +0 glaive.
You barely miss Natasha.
Natasha is heavily wounded.
The wall freezes Natasha but does no damage.
Natasha barely misses you.
The orc warrior hits you but does no damage.
The shadow imp resists.
The wall freezes the shadow imp.
Aiming: Freeze (safe; 1% risk of failure)
Press: ? - help, Q - select action, (/) - cycle Shift-Dir - straight line, f - Natasha
Aim: Natasha (heavily wounded)
You freeze Natasha!
You kill Natasha!
Moaning pathetically, Natasha's spirit plunges into the ground.
The shadow imp disappears in a puff of smoke!
The orc warrior hits you from afar with a +0 glaive!
You die...

##.#.##...........^...##....#.≈
###.[..#...........#....[...[.#.≈
.......#.....h.....#.....>....#.≈
#....#+#.............(...........
...#..............##.......##.#..
#..#.....#######...#######......_
#........###...##..# #...####.#..
##.##....##.....##'##.....# #.#..
.....#.#.##...o†@.§..†....# #.#.≈
##.#.#.#.##..[..#####.....# #.#.≈
#.#.#.#.###...# #...## #.#.≈
#.#...#.####.# #.## #.#.≈
##..........#. .# ###'#..
...###.#.##.# # #......
#..###.#....# #.....P
##.....#...## #.....P #........##
#.....P


You could see an orc warrior.

Vanquished Creatures
  Jessica (D:2)
  Natasha (twice) (D:3)
  4 adders
  2 dart slugs
  6 bats
  8 endoplasms
  5 giant cockroaches (D:1)
  3 goblins
  4 hobgoblins
  3 jackals (D:2)
  5 quokkas
  4 ball pythons
  4 frilled lizards
  10 kobolds
  6 rats
  A spectral kobold (D:1)
68 creatures vanquished.

Vanquished Creatures (others)
  2 plants (D:3)
2 creatures vanquished.

Grand Total: 70 creatures vanquished

Notes
Turn   | Place    | Note
-------+----------+-------------------------------------------
     0 | D:1      | raph the Draconian Ice Elementalist began the quest for the
                  | Orb.
     0 | D:1      | Reached XP level 1. HP: 14/14 MP: 3/3
   279 | D:1      | Reached XP level 2. HP: 18/20 MP: 1/5
   738 | D:1      | Found a faded altar of an unknown god.
   850 | D:1      | Reached skill level 5 in Ice Magic
   909 | D:1      | Reached XP level 3. HP: 26/26 MP: 2/6
   913 | D:1      | Learned a level 3 spell: Frozen Ramparts
  2322 | D:2      | Reached XP level 4. HP: 32/33 MP: 7/7
  2625 | D:2      | Learned a level 3 spell: Ozocubu's Armour
  2637 | D:2      | Noticed Jessica
  2643 | D:2      | Killed Jessica
  2644 | D:2      | Reached skill level 6 in Ice Magic
  3039 | D:3      | Found a snail-covered altar of Cheibriados.
  3224 | D:3      | Noticed Natasha
  3234 | D:3      | Killed Natasha
  3235 | D:3      | Reached XP level 5. HP: 21/38 MP: 4/8
  3720 | D:3      | Noticed Natasha
  3721 | D:3      | Noticed an orc warrior
  3729 | D:3      | Killed Natasha
  3729 | D:3      | Slain by an orc warrior

Illustrated notes

Levels and vault maps discovered:
D:1:      saegor_arrival_simple_d, layout_basic,
          dreamdust_ecumenical_altar_drowned_temple
D:2:      layout_loops_ring, kennysheep_jessica_study
D:3:      minmay_octagon_keep, layout_basic, tso_oasis_becter,
          mainiacjoe_overflow_boulevard, nicolae_vehumet_altar_sigil,
          grunt_temple_overflow_diamond, nicolae_concentric_dashed_squares_wild,
          uniq_ijyb, uniq_natasha

Skill      XL: |  1  2  3  4 |
---------------+-------------+-----
Ice Magic      | 5 6 |  6.5
Dodging        | |  1.7
Stealth        | |  1.7
Spellcasting   | |  2.0

Action                   |  1- 3 |  4- 6 || total
-------------------------+-------+-------++-------
Melee: Unarmed           |     1 |       ||     1
       Dagger            |    32 |    25 ||    57
       Tailslap          |     3 |     2 ||     5
 Cast: Freeze            |    44 |     1 ||    45
       Frozen Ramparts   |     7 |    15 ||    22
       Ozocubu's Armour  |       |     2 ||     2
 Stab: Sleeping          |     4 |       ||     4
Armor: Skin              |    22 |    13 ||    35
Dodge: Dodged            |    46 |    21 ||    67
